 Dungeon Crawl Stone Soup version 0.24-a0-439-g6dd8730de2 (webtiles) character file.

Game seed: 17181806138462051964

252 emperorscorpion the Chopper (level 5, -6/50 HPs)
             Began as a Deep Dwarf Berserker on June 18, 2019.
             Was a Follower of Trog.
             Mangled by a worm (7 damage)
             ... on level 4 of the Dungeon.
             The game lasted 00:04:11 (410 turns).

emperorscorpion the Chopper (Deep Dwarf Berserker)   Turns: 410, Time: 00:04:12

Health: -6/50      AC:  6    Str: 22    XL:     5   Next: 89%
Magic:  5/5        EV: 11    Int:  7    God:    Trog [*.....]
Gold:   99         SH:  0    Dex: 12    Spells: 4/4 levels left

rFire    . . .     SeeInvis .   a - +0 hand axe
rCold    . . .     Gourm    .   (no shield)
rNeg     . . .     Faith    .   h - +0 scale mail
rPois    .         Spirit   .   (no helmet)
rElec    .         Reflect  .   (no cloak)
rCorr    .         Harm     .   (no gloves)
MR       .....                  (no boots)
Stlth    ..........             (no amulet)
HPRegen  0.00/turn              (no ring)
MPRegen  0.09/turn              (no ring)

@: lethally poisoned (-6 -> -6), non-regenerating
A: damage resistance, heal wounds, sense surroundings 1, no regeneration
a: Heal Wounds, Berserk, Renounce Religion


You were on level 4 of the Dungeon.
You worshipped Trog.
Trog was aware of your devotion.
You were near starving.

You visited 1 branch of the dungeon, and saw 4 of its levels.

You collected 99 gold pieces.

Inventory:

Hand Weapons
 a - a +0 hand axe (weapon)
 d - a +0 spear
Armour
 b - a +0 animal skin
 h - a +0 scale mail (worn)
Scrolls
 e - a scroll of remove curse
 f - a scroll of teleportation
Comestibles
 c - 2 rations
 g - 10 chunks of flesh


   Skills:
 + Level 4.0 Fighting
 + Level 5.4 Axes
 + Level 2.7 Armour
 + Level 3.3 Dodging
 + Level 0.3 Stealth


You had 4 spell levels left.
You didn't know any spells.
Your spell library was empty.

Dungeon Overview and Level Annotations

Branches:
Dungeon (4/15)
 Temple: D:4-7

Altars:
Makhleb


Innate Abilities, Weirdness & Mutations

You are resistant to damage.
You can heal yourself by infusing magical energy.
You passively map a small area around you.
You do not regenerate.


Message History

You kill the worker ant!
Trog accepts your kill.
* * * LOW HITPOINT WARNING * * *
You feel sick.
* * * LOW HITPOINT WARNING * * *
You feel sick.
An orc comes into view.
The worm bites you.
You see here a worker ant corpse.
The orc shouts!
You hit the worm.
The worm is lightly wounded.
* * * LOW HITPOINT WARNING * * *
You feel sick.
The orc throws a boomerang.
The boomerang hits you.
The weapon returns to the orc!
You slash the worm!
The worm is heavily wounded.
The orc throws a boomerang.
The boomerang hits you.
The weapon returns to the orc!
The worm bites you!
You die...

##........#.###.##
##.......#.##....
#>......#....)##
#...........#.#
#.......#.#....(
#.........###...
###.#...#...#*....
#w......o..## ...#
#@##.......# #...#
*#.##.......# #.#..
#.....#.......# #.
##
#.....#.......####
#.....#..รท<.......
,
#.....#..<....####
* #.......#.#####
#.....###.# **
#.....# ... , ,


You could see a worm and an orc.

Vanquished Creatures
  An ogre (D:4)
  A howler monkey (D:4)
  A bullfrog skeleton (D:4)
  An iguana (D:4)
  2 orc wizards (D:4)
  A worker ant (D:4)
  4 orcs (D:4)
  2 bats (D:2)
  2 giant cockroaches (D:2)
  A goblin (D:2)
  A quokka (D:4)
  A frilled lizard (D:2)
  2 kobolds
  A rat (D:2)
21 creatures vanquished.

Notes
Turn   | Place    | Note
-------+----------+-------------------------------------------
     0 | D:1      | emperorscorpion the Deep Dwarf Berserker began the quest
                  | for the Orb.
     0 | D:1      | Reached XP level 1. HP: 20/20 MP: 1/1
   138 | D:2      | Reached XP level 2. HP: 27/27 MP: 2/2
   209 | D:4      | Reached skill level 4 in Axes
   209 | D:4      | Reached XP level 3. HP: 34/34 MP: 3/3
   239 | D:3      | Found a burning altar of Makhleb.
   275 | D:4      | Noticed an ogre
   286 | D:4      | Killed an ogre
   286 | D:4      | Reached XP level 4. HP: 36/42 MP: 4/4
   314 | D:4      | Reached skill level 5 in Axes
   314 | D:4      | Reached XP level 5. HP: 16/50 MP: 5/5
   408 | D:4      | HP: 2/50 [poisoned by a worker ant]
   410 | D:4      | Mangled by a worm

Levels and vault maps discovered:
D:1:      nicolae_arrival_memento_mori, layout_loops_cross, minmay_tetromino_l2
D:2:      layout_basic, gammafunk_temple_overflow_claw
D:3:      layout_loops_cross, evilmike_ruin_ashenzari, makhleb_heckhound_becter,
          lemuel_round_altar
D:4:      layout_rooms, serial_shops, shop_fountains, first_ration

Skill      XL: |  1  2  3  4  5 |
---------------+----------------+-----
Fighting       | 3 4 |  4.0
Axes           | 4 5 |  5.4
Dodging        | 3 |  3.3
Armour         | |  2.7
Stealth        | |  0.3

Action                   |  1- 3 |  4- 6 || total
-------------------------+-------+-------++-------
Melee: Hand axe          |    26 |    47 ||    73
Invok: Berserk           |     3 |     1 ||     4
 Abil: Heal Wounds       |       |     1 ||     1
  Use: Scroll            |     1 |     2 ||     3
Armor: Animal skin       |    16 |       ||    16
       Scale mail        |       |    20 ||    20
Dodge: Dodged            |    34 |    32 ||    66

Table legend:
 A = Non-vault XP
 B = Vault XP
 C = Vault XP percentage of total XP
 D = Non-vault monster count
 E = Vault monster count
 F = Vault count percentage of total count
                 A         B        C        D         E       F
            +---------+---------+-------+---------+---------+-------
      Total |     361 |       0 |   0.0 |      21 |       0 |   0.0
            +---------+---------+-------+---------+---------+-------
        D:2 |      13 |       0 |   0.0 |       8 |       0 |   0.0
        D:3 |       2 |       0 |   0.0 |       1 |       0 |   0.0
        D:4 |     346 |       0 |   0.0 |      12 |       0 |   0.0
            +---------+---------+-------+---------+---------+-------
